 Dungeon Crawl Stone Soup version 0.27.0-1-g7a089689b8 (webtiles) character file.

Game seed: 12412879950426034339

95 SnakkuSnakku7 the Slasher (level 4, 0/25 HPs)
             Began as a Deep Elf Gladiator on Aug 3, 2021.
             Succumbed to an adder's poison
             ... on level 3 of the Dungeon.
             The game lasted 00:03:21 (2616 turns).

SnakkuSnakku7 the Slasher (Deep Elf Gladiator)      Turns: 2616, Time: 00:03:21

Health: 0/25       AC:  7    Str: 12    XL:     4   Next: 40%
Magic:  6/6        EV: 11    Int: 13    God:
Gold:   126        SH:  0    Dex: 16    Spells: 3/3 levels left

rFire    . . .     SeeInvis .   a - +0 long sword
rCold    + + .     Faith    .   (no shield)
rNeg     . . .     Spirit   .   l - +0 ring mail
rPois    .         Reflect  .   c - +0 helmet
rElec    .         Harm     .   (no cloak)
rCorr    .         Rampage  .   m - +0 pair of gloves
Will     .....                  (no boots)
Stlth    +.........             (no amulet)
HPRegen  0.08/turn              f - ring of protection from cold
MPRegen  0.10/turn              g - ring of protection from cold

@: lethally poisoned (0 -> -2)
A: no striking features
a: no special abilities


You were on level 3 of the Dungeon.
You visited 1 branch of the dungeon, and saw 3 of its levels.

You collected 126 gold pieces.

Inventory:

Hand Weapons
 a - a +0 long sword (weapon)
Missiles
 d - a throwing net (quivered)
Armour
 b - a +0 leather armour
 c - a +0 helmet (worn)
 l - a +0 ring mail (worn)
 m - a +0 pair of gloves (worn)
Jewellery
 f - a ring of protection from cold (left hand)
 g - a ring of protection from cold (right hand)
Scrolls
 e - a scroll of identify {unknown}
 h - a scroll of torment {unknown}
 i - a scroll of magic mapping {unknown}
 j - a scroll of teleportation {unknown}
 k - a scroll of fog {unknown}


   Skills:
 - Level 1.5 Fighting
 + Level 4.8 Long Blades
 - Level 2.0 Throwing
 - Level 3.6 Dodging


You had 3 spell levels left.
You didn't know any spells.
Your spell library contained the following spells:

 Spells                   Type           Power      Damage    Failure   Level
 Summon Small Mammal      Summ           0%         N/A       56%         1
 Call Canine Familiar     Summ           0%         N/A       91%         3
 Summon Guardian Golem    Hex/Summ       0%         N/A       91%         3


Dungeon Overview and Level Annotations

Branches:
Dungeon (3/15)

Altars:
Kikubaaqudgha

Shops:
D:1 [


Message History

The adder bites you but does no damage.
You hit the adder.
The adder is heavily wounded.
You feel sick. The adder bites you.
You are more poisoned.
The adder poisons you!
You closely miss the adder.
The adder is heavily wounded.
You feel sick. The adder bites you. x2
* * * LOW HITPOINT WARNING * * *
You are too injured to fight recklessly!
You are too injured to fight recklessly!
You barely miss the adder.
The adder is heavily wounded.
* * * LOW HITPOINT WARNING * * *
You feel sick. The adder bites you but does no damage.
Unknown command.
You aren't carrying any items that you can evoke.
Unknown command.
You aren't carrying any potions.
Unknown command.
Throw: 2 throwing nets
Press: ? - help, Q - select action Shift-Dir - straight line, f - adder
Aim: an adder (moderately wounded, 42% to hit)
You throw a throwing net. The throwing net hits the adder.
The adder is caught in the net!
The adder is moderately wounded.
* * * LOW HITPOINT WARNING * * *
You feel sick.
The adder struggles against the net. x2
You catch the helpless adder completely off-guard!
You slash the adder!
You kill the adder!
* * * LOW HITPOINT WARNING * * *
You feel sick.
* * * LOW HITPOINT WARNING * * *
You feel sick.
Items here: ( †††.
* * * LOW HITPOINT WARNING * * *
You feel sick.
You die...

#..............#
#..............#
#..............#
#..............#
###'########.###
#.###### #.#
#..†.(.# #
######.# #....@#
#.##..# # P
#.....#.#...P
####..†.....P
####.#...P .# ..
#


There were no monsters in sight!

Vanquished Creatures
  3 adders
  2 dart slugs (D:2)
  7 bats
  4 endoplasms
  5 giant cockroaches
  4 goblins (D:2)
  8 hobgoblins
  7 jackals
  A quokka (D:3)
  7 ball pythons
  7 frilled lizards
  3 rats
58 creatures vanquished.

Vanquished Creatures (others)
  A human (D:3)
1 creature vanquished.

Grand Total: 59 creatures vanquished

Notes
Turn   | Place    | Note
-------+----------+-------------------------------------------
     0 | D:1      | SnakkuSnakku7 the Deep Elf Gladiator began the quest for
                  | the Orb.
     0 | D:1      | Reached XP level 1. HP: 12/12 MP: 3/3
   129 | D:1      | Found Hecom's Armour Shoppe.
   172 | D:1      | Found a faded altar of an unknown god.
   209 | D:1      | Reached skill level 3 in Long Blades
   471 | D:1      | Reached XP level 2. HP: 8/16 MP: 4/4
  1236 | D:1      | Reached XP level 3. HP: 18/20 MP: 5/5
  1496 | D:2      | Reached skill level 4 in Long Blades
  2295 | D:2      | Reached XP level 4. HP: 23/25 MP: 6/6
  2558 | D:3      | Found an ancient bone altar of Kikubaaqudgha.
  2558 | D:3      | Noticed a human
  2564 | D:3      | Killed a human
  2615 | D:3      | HP: 1/25 [poisoned by an adder]
  2616 | D:3      | Succumbed to an adder's poison

Illustrated notes

Levels and vault maps discovered:
D:1:      ncdulo_smallfort, layout_rooms, serial_shops, shop,
          shapermc_ecumenical_altar_totnotflames
D:2:      layout_loops_ring, serial_aquarium, aquarium_bridge_square
          [aquarium_subvault_window, aquarium_subvault_bridge,
          aquarium_subvault_window, aquarium_subvault_wall],
          aquarium_window_double, aquarium_window_1, aquarium_view_2d,
          aquarium_balcony_5b, aquarium_pool_four, grunt_ministairs_8
D:3:      layout_basic, general_overflow_altar,
          mainiacjoe_overflow_tiny_flanked, tgw_kikubaaqudgha,
          mainiacjoe_overflow_chevrons, mainiacjoe_overflow_boulevard,
          gammafunk_temple_overflow_statue, portal_sewer_entry_f,
          minmay_increasing_density

Skill      XL: |  1  2  3 |
---------------+----------+-----
Long Blades    | 3 4 |  4.8
Fighting       | |  1.5
Throwing       | |  2.0
Dodging        | |  3.6

Action                   |  1- 3 |  4- 6 || total
-------------------------+-------+-------++-------
Melee: Long sword        |   138 |    27 ||   165
Throw: Throwing net      |     1 |     1 ||     2
  Use: Potion            |     1 |       ||     1
 Stab: Sleeping          |     1 |       ||     1
       Held in net/web   |       |     1 ||     1
Armor: Leather armour    |    30 |       ||    30
       Ring mail         |    17 |     9 ||    26
Dodge: Dodged            |   103 |    19 ||   122
       Rpst.: Long sword |    33 |     5 ||    38
